[Event "Early-Titled-Tuesday-Blitz-March-19-2024"]
[Site "Chess.com"]
[Date "2024.03.19"]
[Round "3"]
[White "DrCeltic"]
[Black "KVAIDAN"]
[Result "0-1"]
[WhiteElo "2569"]
[BlackElo "2336"]
[TimeControl "180+1"]
[EndTime "8:29:15 PDT"]
[Termination "KVAIDAN won on time"]

1. e4 e5 2. Nf3 d5 3. d4 dxe4 4. Nxe5 Bd6 5. Nc4 Nf6 6. Nc3 Nc6 7. Bg5 Be7 8. d5 Nb4 9. Ne3 Nbxd5 10. Nexd5 Nxd5 11. Qxd5 Bxg5 12. Qxe4+ Be6 13. Rd1 Qe7 14. Be2 O-O 15. O-O c6 16. Bd3 g6 17. Rfe1 Qc5 18.
Qf3 Qb4 19. Ne4 Be7 20. h4 Bxh4 21. g3 Be7 22. Qf4 Rad8 23. a3 Qxb2 24. Rb1 Qxa3 25.
Rxb7 a5 26. Nf6+ Bxf6 27. Qxf6 Rd7 28. Rb6 Qc5 29. Rbb1 Rd5 30. Rxe6 Rxd3 31. Rxc6 Rf3 32. Qxf3 Qa3 33. Rc1 a4 34. Rd1 Qxf3 35. Re1 Qxc6 0-1

[Event "Early-Titled-Tuesday-Blitz-March-19-2024"]
[Site "Chess.com"]
[Date "2024.03.19"]
[Round "3"]
[White "Golubovsky"]
[Black "Legendinunknown"]
[Result "0-1"]
[WhiteElo "2531"]
[BlackElo "2824"]
[TimeControl "180+1"]
[EndTime "8:29:20 PDT"]
[Termination "Legendinunknown won on time"]

1. c4 Nf6 2. Nc3 g6 3. g3 Bg7 4.
Bg2 O-O 5. Nf3 d6 6. O-O Nbd7 7.
e4 e5 8. d4 Re8 9. Re1 exd4 10.
Nxd4 Nc5 11. h3 a5 12. b3 Bd7 13. Bb2 Qc8 14. Kh2 Re5 15. Nd5 Nxd5 16. cxd5 Rh5 17. h4 Bg4 18. Bf3 Be5 19. Kg1 Bxf3 20. Qxf3 Qh3 21. Re3 Re8 22. Rae1 Re7 23. Qg2 Qd7 24. f4 Bg7 25. Nf3 Bxb2 26. Qxb2 Qg4 27. Qg2 f6 28. Kh2 g5 29. Qh3 Qxh3+ 30. Kxh3 gxf4 31. gxf4 f5 32. e5 Ne4 33. e6 Rg7 34. Ng5 Nxg5+ 35. fxg5 Kf8 36.
Rf3 Rgxg5 37. e7+ Ke8 38. Rc3 Rg4 39. Rg3 Rhxh4+ 40. Kg2 Rxg3+ 41. Kxg3 Rg4+ 42. Kf3 Re4 43. Rh1 Rxe7 44. Rh5 Rf7 45. Kf4 Kd7 46. Rh6 c6 47. dxc6+ bxc6 48. a3 Kc7 49. b4 axb4 50. axb4 d5 0-1

[Event "Early-Titled-Tuesday-Blitz-March-19-2024"]
[Site "Chess.com"]
[Date "2024.03.19"]
[Round "3"]
[White "enriquebutti"]
[Black "Keeper0416"]
[Result "1-0"]
[WhiteElo "2186"]
[BlackElo "2561"]
[TimeControl "180+1"]
[EndTime "8:29:20 PDT"]
[Termination "enriquebutti won on time"]

1. d4 Nf6 2. Nf3 e6 3. e3 d5 4. Bd3 c5 5. b3 a6 6. c4 dxc4 7. bxc4 Nc6 8. Bb2 cxd4 9. exd4 Bb4+ 10. Nbd2 O-O 11. O-O Bd7 12. a3 Be7 13. Re1 Qc7 14. Nf1 Rad8 15. Ne3 Bc8 16. d5 Na5 17. Ne5 Kh8 18.
N5g4 Ng8 19. Qf3 f5 20. Qh3 Bf6 21. Nxf6 Nxf6 22. Rad1 exd5 23. Nxf5 dxc4 24. Bc2 Rxd1 25.
Rxd1 b5 26. Qh4 Bxf5 27. Bxf5 c3 28. Rd7 Qxd7 29. Bxd7 cxb2 30. Bf5 Rc8 31. h3 Rc1+ 32. Kh2 Rc4 33. Qg3 Kg8 34. Be6+ Kf8 35. Qb8+ Ke7 36. Bf5 Nc6 37. Qb7+ Kd6 38. Qxg7 Nd5 39. Qxh7 Ke5 40. Bb1 Nd4 41. g4 Nf4 42. Qe4+ 1-0

[Event "Early-Titled-Tuesday-Blitz-March-19-2024"]
[Site "Chess.com"]
[Date "2024.03.19"]
[Round "3"]
[White "StankovicIvan"]
[Black "LiamPutnam2008"]
[Result "0-1"]
[WhiteElo "2544"]
[BlackElo "2882"]
[TimeControl "180+1"]
[EndTime "8:29:21 PDT"]
[Termination "LiamPutnam2008 won on time"]

1. e4 c5 2. c4 Nc6 3. Nc3 g6 4. g3 Bg7 5. Bg2 e6 6. d3 Nge7 7. Nge2 O-O 8. Be3 d6 9. d4 cxd4 10. Nxd4 Nxd4 11. Bxd4 Bxd4 12. Qxd4 Nc6 13. Qd2 Qe7 14. O-O Rd8 15. Rfd1 Ne5 16. b3 Rb8 17. Nb5 b6 18. Nxd6 Ba6 19. f4 Nd7 20. e5 f6 21. Qe3 fxe5 22. fxe5 Qg7 23. Bh3 Qxe5 24. Bxe6+ Kg7 25. Qxe5+ Nxe5 26. Ne4 Bb7 27. Bd5 Bxd5 28.
Rxd5 Re8 29. Nd6 Re7 30. Rf1 Ng4 31. Rd4 Ne3 32. Re1 Rf8 33. Rd3 Rf3 34. Nb5 Kh6 35.
Nd4 Rd7 36. Nxf3 Rxd3 37. Ne5 Rc3 38. Nc6 a6 39. Ne5 Kg7 40. Nd7 b5 41. c5 b4 42.
Ne5 Nc2 43. Rc1 Rxc5 44. Nd3 Rc6 45. Kf2 a5 46. Ne5 Rc3 47. Nf3 Kf6 48. Ne1 Nd4 49. Rxc3 bxc3 0-1

[Event "Early-Titled-Tuesday-Blitz-March-19-2024"]
[Site "Chess.com"]
[Date "2024.03.19"]
[Round "3"]
[White "valeriocarnicelli"]
[Black "Flawless_Fighter"]
[Result "0-1"]
[WhiteElo "2534"]
[BlackElo "2833"]
[TimeControl "180+1"]
[EndTime "8:29:21 PDT"]
[Termination "Flawless_Fighter won on time"]

1. e4 c6 2. d4 d5 3. e5 Bf5 4.
Nc3 h6 5. g4 Bd7 6. Be3 e6 7.
h4 c5 8. f4 cxd4 9. Bxd4 Nc6 10. Nf3 Nxd4 11. Nxd4 Qb6 12. Qd2 Bc5 13. O-O-O h5 14.
g5 Ne7 15. Kb1 g6 16. Nce2 Rc8 17. Rh3 O-O 18. Rb3 Qc7 19. Bh3 a6 20. Qd3 Kg7 21. Qd2 b5 22. Rf3 a5 23. Nb3 Bb6 24. Rc3 Qa7 25.
Rxc8 Rxc8 26. Nbd4 a4 27. a3 Rc4 28. c3 Qa5 29. Bf1 Rc8 30. Bh3 Bc5 31. Nc1 Qb6 32.
Na2 Nc6 33. Nb4 Nxb4 34. axb4 Be7 35. Bf1 Ra8 36. Ka2 a3 37. b3 Ra7 38. Qe3 Qc7 39. Rc1 Qb8 40. Bd3 Rc7 41. Rc2 Qc8 42.
Qd2 Qb7 43. Qe2 Qb6 44. Bxb5 Bc8 45. Bd3 Bxb4 46. cxb4 Rb7 0-1

[Event "Early-Titled-Tuesday-Blitz-March-19-2024"]
[Site "Chess.com"]
[Date "2024.03.19"]
[Round "3"]
[White "joksijoksi"]
[Black "wild3000"]
[Result "0-1"]
[WhiteElo "2611"]
[BlackElo "2437"]
[TimeControl "180+1"]
[EndTime "8:29:21 PDT"]
[Termination "wild3000 won by resignation"]

1. d4 Nf6 2. c4 e6 3. Nf3 b6 4. a3 Bb7 5. Nc3 d5 6. Bg5 Be7 7. cxd5 Nxd5 8. Bxe7 Nxe7 9. e3 O-O 10. Bd3 Nd7 11.
O-O c5 12. Rc1 cxd4 13. Nxd4 Ne5 14. Bxh7+ Kxh7 15. Qh5+ Kg8 16. Qxe5 Ng6 17. Qg3 Qf6 18. Ncb5 a6 19. Nd6 Bd5 20. Rc7 Rad8 21. Nb7 Bxb7 22. Rxb7 e5 23. Nf3 b5 24. h4 Qc6 25.
Ra7 Qb6 26. h5 Qxa7 27. hxg6 fxg6 28. Qxg6 Rf6 29. Qg5 e4 30. Ne5 Rdf8 31. Ng4 Re6 32. Qd5 Qf7 33. Rc1 Qf5 34. Qxf5 Rxf5 35. Rc8+ Kh7 36.
Rc2 Rg6 37. Nh2 Rd5 38. Nf1 Rd1 39. g3 Re6 40. Kg2 Rdd6 41. Nd2 Rc6 42. Rxc6 Rxc6 43. Nxe4 Rc2 44. b4 Ra2 45. Nc5 Rxa3 46. Kf3 a5 47. bxa5 Rxa5 48. Ke4 b4 49. Nb3 Ra3 50. Nc5 Rc3 51.
Na4 Rc2 52. Kd3 Rxf2 53. Nc5 Rg2 54. Ne4 b3 55. Nc3 b2 56. Kc4 Rxg3 57. Kb3 Rxe3 58.
Kxb2 g5 59. Kc2 g4 60. Nd5 Re5 61. Nf4 g3 62. Kd3 Kh6 63. Kd2 Re8 64. Ng2 Kg5 65. Kd3 Kg4 66. Kd2 Kh3 67. Nf4+ Kh2 68. Kd3 Rf8 69. Ne2 g2 0-1

[Event "Early-Titled-Tuesday-Blitz-March-19-2024"]
[Site "Chess.com"]
[Date "2024.03.19"]
[Round "3"]
[White "Sanan_Sjugirov"]
[Black "GelmanAlexander"]
[Result "1-0"]
[WhiteElo "3026"]
[BlackElo "2707"]
[TimeControl "180+1"]
[EndTime "8:29:22 PDT"]
[Termination "Sanan_Sjugirov won by resignation"]

1. e4 c5 2. Nf3 e6 3. d3 Nc6 4. g3 Nf6 5. Bg2 Be7 6. O-O d5 7.
Qe2 O-O 8. e5 Nd7 9. c4 a6 10. Nc3 Nd4 11. Nxd4 cxd4 12. Nb1 dxc4 13. dxc4 Nc5 14. Nd2 Bd7 15. Ne4 Qb6 16. Nxc5 Bxc5 17. Be4 Bc6 18. Bd3 Qc7 19. Re1 Bb4 20. Rd1 a5 21.
Bf4 Be7 22. h4 Kh8 23. Qh5 g6 24. Qe2 b6 25. Rac1 Bb7 26. Be4 Rfd8 27. Bxb7 Qxb7 28. Rd3 Rac8 29. a4 h5 30. b3 Rd7 31. Rcd1 Rcd8 32.
Bc1 Kg8 33. Kh2 Bc5 34. Bg5 Rc8 35. Bf6 Re8 36. g4 hxg4 37. Qxg4 Be7 38. Rxd4 Rxd4 39. Rxd4 Bxf6 40. exf6 Qc7+ 41. Qg3 Qc5 42. Rg4 Rd8 43. Rxg6+ fxg6 44. Qxg6+ Kf8 45. Qg7+ Ke8 46. f7+ Kd7 47. f8=Q+ Kc8 48. Qxc5+ 1-0

[Event "Early-Titled-Tuesday-Blitz-March-19-2024"]
[Site "Chess.com"]
[Date "2024.03.19"]
[Round "3"]
[White "Sofia_Blokhin"]
[Black "FARIZA2018"]
[Result "1/2-1/2"]
[WhiteElo "2250"]
[BlackElo "2573"]
[TimeControl "180+1"]
[EndTime "8:29:23 PDT"]
[Termination "Game drawn by repetition"]

1. d4 Nf6 2. c4 e6 3. Nc3 d5 4.
Nf3 Be7 5. e3 O-O 6. Bd3 b6 7.
cxd5 exd5 8. O-O c5 9. Ne5 Bb7 10. f4 Nc6 11. Ne2 Ne4 12. b3 f6 13. Nf3 Rc8 14. Bb2 Nb4 15. Bb1 Ba6 16. a3 Nc6 17.
Re1 Kh8 18. Ng3 f5 19. Ne5 Bf6 20. Nh5 Bh4 21. g3 Bf6 22. Nxf6 Rxf6 23. Qh5 Nxe5 24.
dxe5 Rf8 25. Bc2 Qe7 26. Rad1 Rcd8 27. g4 Qe6 28. Bxe4 fxe4 29. f5 Qe8 30. Qh4 Bc8 31. f6 Be6 32. fxg7+ Kxg7 33. Rf1 Rd7 34. Rf6 Rxf6 35.
exf6+ Kg8 36. Qg5+ Qg6 37. Qxg6+ hxg6 38. h3 Kf7 39. Kf2 a5 40. Kg3 Rd6 41. Kf4 Bd7 42. Be5 Rc6 43. Rxd5 Be6 44. Rd8 Bxb3 45. Rh8 a4 46.
Rh7+ Kf8 47. Rh8+ Kf7 48. Rh7+ Kf8 49. Rh8+ Kf7 1/2-1/2

[Event "Early-Titled-Tuesday-Blitz-March-19-2024"]
[Site "Chess.com"]
[Date "2024.03.19"]
[Round "3"]
[White "MuhittinBuker"]
[Black "ChempionBg"]
[Result "0-1"]
[WhiteElo "2071"]
[BlackElo "2370"]
[TimeControl "180+1"]
[EndTime "8:29:23 PDT"]
[Termination "ChempionBg won by checkmate"]

1. d4 Nf6 2. c4 g6 3. Nc3 Bg7 4. Nf3 O-O 5. e4 d6 6. Be2 Nbd7 7. O-O e5 8. Be3 exd4 9. Bxd4 Re8 10. Bd3 Nc5 11. Bc2 Nfxe4 12. Bxg7 Kxg7 13. Nxe4 Nxe4 14. Re1 Nf6 15. Qd4 Bd7 16. h3 Bc6 17. Nd2 Kg8 18.
Rxe8+ Nxe8 19. Be4 Qf6 20. Qxf6 Nxf6 21. Bxc6 bxc6 22.
Re1 Re8 23. Rxe8+ Nxe8 24. f3 Kg7 25. Kf2 Kf6 26. Ke3 Ke7 27. Ne4 Nf6 28. Nc3 Nd7 29. b4 h5 30. h4 Ne5 31. c5 Ke6 32. Kd4 Nd7 33. Ne4 f6 34. g3 d5 35. Nd2 g5 36.
hxg5 fxg5 37. a4 a6 38. Nf1 Ne5 39. f4 gxf4 40. gxf4 Ng6 41. Ke3 Kf5 42. Ng3+ Kg4 43. Ne2 Ne7 44. Nd4 Nf5+ 45. Nxf5 Kxf5 46. Kd4 h4 47. b5 cxb5 48. axb5 axb5 49. Kxd5 h3 50.
Kc6 h2 51. Kxc7 h1=Q 52. Kb6 b4 53. c6 b3 54. c7 Qa8 55. Kc5 b2 56. Kd6 b1=Q 57.
Kd7 Qd3+ 58. Ke7 Qc8 59. Kf7 Qdd7# 0-1

[Event "Early-Titled-Tuesday-Blitz-March-19-2024"]
[Site "Chess.com"]
[Date "2024.03.19"]
[Round "3"]
[White "Zohid6"]
[Black "wannabe2700"]
[Result "0-1"]
[WhiteElo "2877"]
[BlackElo "2640"]
[TimeControl "180+1"]
[EndTime "8:29:26 PDT"]
[Termination "wannabe2700 won by resignation"]

1. e4 d5 2. exd5 Qxd5 3. Nc3 Qa5 4. d4 Nf6 5. Nf3 Bf5 6. Bc4 e6 7. O-O Bb4 8. Ne2 O-O 9. Ng3 Bg6 10. Qe2 Nbd7 11. a4 c6 12. Bf4 Nd5 13. Bg5 h6 14.
Bc1 Be7 15. c3 Rfe8 16. Bd2 Qc7 17. Kh1 a5 18. Ne5 Nxe5 19. dxe5 Red8 20. Rfe1 Kh8 21. f4 Nb6 22. Bb3 Bd3 23. Qf2 Nc4 24. Be3 Nxe3 25.
Qxe3 c5 26. c4 Qb6 27. Bd1 Qxb2 28. Bf3 Rd4 29. Nh5 Rad8 30. h3 Rxc4 31. Rad1 Rcd4 32.
Rd2 Qb4 33. Red1 c4 34. f5 Bg5 35. Qf2 Bxd2 36. Rxd2 c3 37. f6 g6 38. Qe3 Kh7 39. Rd1 c2 40. Rg1 gxh5 41. Bxh5 Bg6 42. Bxg6+ fxg6 43. f7 Qe7 44. Qf2 Kg7 45. Qxc2 Qxf7 46. Qb2 R8d7 47.
Qe2 Qf5 48. Qe3 Rd1 49. Rxd1 Rxd1+ 50. Kh2 Rd5 51. Qc5 Qxe5+ 0-1

[Event "Early-Titled-Tuesday-Blitz-March-19-2024"]
[Site "Chess.com"]
[Date "2024.03.19"]
[Round "3"]
[White "GOGIEFF"]
[Black "AlexTruskavetsky"]
[Result "1-0"]
[WhiteElo "3004"]
[BlackElo "2680"]
[TimeControl "180+1"]
[EndTime "8:29:26 PDT"]
[Termination "GOGIEFF won by checkmate"]

1. d4 Nf6 2. c4 e6 3. Nf3 d5 4. Nc3 dxc4 5. e4 a6 6. e5 Nd5 7. Bxc4 Nxc3 8. bxc3 b5 9. Bd3 Bb7 10. Ng5 c5 11. Nxh7 Be7 12. Qg4 g6 13. Ng5 Rg8 14. O-O cxd4 15. cxd4 Nc6 16. Be4 Qb6 17. Be3 Bxg5 18. Qxg5 Qd8 19. Qf4 Qd7 20. d5 exd5 21.
Rfd1 Ne7 22. Bc5 Rc8 23. Bd6 Rc4 24. Bxe7 Qxe7 25. e6 fxe6 26. Rac1 dxe4 27. Rxc4 bxc4 28. Qb8+ Kf7 29. Qf4+ Kg7 30. Qe5+ Kh7 31. h4 Bd5 32. Rxd5 c3 33. Rc5 Rd8 34. Rxc3 Rd1+ 35. Kh2 Qf7 36. Rc7 Rd7 37. Rxd7 Qxd7 38. Qxe4 Qd6+ 39. g3 a5 40. h5 Qc5 41. Qxg6+ Kh8 42. Qf6+ Kh7 43. h6 Qh5+ 44.
Kg2 Qxh6 45. Qxh6+ Kxh6 46. Kf3 Kg5 47. Ke4 Kg4 48. Ke5 Kf3 49. Kxe6 Kxf2 50. g4 Ke3 51. g5 Kd3 52. g6 Kc3 53. g7 Kb2 54. g8=Q Kxa2 55.
Kd5 a4 56. Kc4 Kb2 57. Kb4 a3 58. Qb3+ Ka1 59. Qxa3+ Kb1 60. Qf3 Kb2 61. Qe2+ Ka1 62. Kb3 Kb1 63. Qd1# 1-0

[Event "Early-Titled-Tuesday-Blitz-March-19-2024"]
[Site "Chess.com"]
[Date "2024.03.19"]
[Round "3"]
[White "Fore_Man"]
[Black "Saxar85"]
[Result "0-1"]
[WhiteElo "2330"]
[BlackElo "2733"]
[TimeControl "180+1"]
[EndTime "8:29:26 PDT"]
[Termination "Saxar85 won on time"]

1. Nf3 Nf6 2. d4 g6 3. c4 Bg7 4.
Nc3 O-O 5. Bg5 h6 6. Bh4 d6 7. e3 g5 8. Bg3 c5 9. Bd3 cxd4 10.
Nxd4 Nc6 11. O-O Bd7 12. Nf5 Bxf5 13. Bxf5 Qa5 14. Bc2 Rac8 15. Rc1 Ne5 16. b3 Kh8 17. Bb1 a6 18. Qc2 Ng6 19. Ne4 Qf5 20. Nxf6 Qxc2 21. Bxc2 Bxf6 22. Rcd1 b5 23. Bd3 b4 24. Bf5 Rc5 25.
Be4 a5 26. Rd5 Rfc8 27. Rfd1 Ne5 28. Rxc5 Rxc5 29. Rd5 Nd7 30. Bf3 Be5 31. Kf1 e6 32. Rxc5 Nxc5 33. Ke2 Bxg3 34. hxg3 f5 35. Bc6 Kg7 36. f3 Kf6 37. Kd2 e5 38. Bd5 f4 39.
gxf4 gxf4 40. e4 Kg5 41. Ke2 Kh4 42. Kf1 Kg3 43. Bc6 h5 44. Be8 h4 45. Bh5 Nd3 46.
Bg4 Nc1 47. Bd7 Nxa2 48. Ba4 Nc1 49. Kg1 Nd3 50. Bd7 Nc1 51. Ba4 Ne2+ 52. Kf1 Nd4 53. Kg1 h3 0-1

[Event "Early-Titled-Tuesday-Blitz-March-19-2024"]
[Site "Chess.com"]
[Date "2024.03.19"]
[Round "3"]
[White "Kacparov"]
[Black "GothamChess"]
[Result "0-1"]
[WhiteElo "2913"]
[BlackElo "2709"]
[TimeControl "180+1"]
[EndTime "8:29:28 PDT"]
[Termination "GothamChess won by resignation"]

1. e4 d5 2. exd5 Qxd5 3. Nf3 Bg4 4. Be2 Nc6 5. d4 O-O-O 6. c4 Qh5 7. Be3 e5 8. d5 e4 9. Nfd2 Bxe2 10. Qxe2 Qxe2+ 11. Kxe2 Ne5 12. Bd4 Re8 13. Nc3 f5 14. a3 c5 15. Bxe5 Rxe5 16. Rhb1 Nf6 17. b4 a6 18. Na4 Nd7 19. Nb3 b5 20. Naxc5 Nxc5 21.
Nxc5 Bxc5 22. bxc5 bxc4 23. Rb6 Rxd5 24. Rab1 Rhd8 25. Rc6+ Kd7 26. Rxa6 c3 27. Rb7+ Ke8 28. Raa7 R5d7 29. Rxd7 Rxd7 30. Ra4 Rd2+ 31. Ke3 Rd3+ 32. Ke2 Rd2+ 33. Ke3 Rd3+ 34. Kf4 Rd2 35. Kxf5 Rxf2+ 36. Kxe4 Rxg2 37. Kd3 Rxh2 38. Kxc3 Rh3+ 39. Kb2 g5 40. Ra7 g4 41. c6 Kd8 42. a4 g3 43. Rg7 Rh4 44.
Kb3 Rh6 45. Rxg3 Rxc6 46. Kb4 h5 47. Kb5 Rh6 48. Rc3 h4 49. a5 h3 50. a6 h2 51.
Rd3+ Kc7 52. Rc3+ Kb8 53. Rc1 h1=Q 0-1

[Event "Early-Titled-Tuesday-Blitz-March-19-2024"]
[Site "Chess.com"]
[Date "2024.03.19"]
[Round "3"]
[White "SuperPower2011"]
[Black "yosephtaher"]
[Result "1-0"]
[WhiteElo "2772"]
[BlackElo "2960"]
[TimeControl "180+1"]
[EndTime "8:29:29 PDT"]
[Termination "SuperPower2011 won by resignation"]

1. d4 Nf6 2. c4 c5 3. d5 b5 4. cxb5 a6 5. bxa6 Bxa6 6. Nc3 g6 7. e4 Bxf1 8. Kxf1 d6 9. Nf3 Bg7 10. g3 O-O 11. Kg2 Ng4 12. Qc2 Qb6 13. h3 Ne5 14. Nxe5 Bxe5 15. Bh6 Re8 16. h4 Nd7 17. h5 Reb8 18. Rab1 Nf6 19. hxg6 hxg6 20. Qe2 Qb4 21. a3 Qb3 22. Bd2 Rb7 23. Qe3 Nh5 24. Qg5 Bg7 25. Rxh5 gxh5 26. Qxh5 Qc4 27. Rh1 Qd4 28. Be3 Qf6 29.
Qh7+ Kf8 30. Rh6 Qe5 31. Rh5 Qf6 32. Rf5 Rab8 33. Rxf6 Bxf6 34. Bg5 Be5 35. Bh6+ Ke8 36. Qg8+ Kd7 37. Qxf7 Rxb2 38. Qe6+ Kd8 39. Bg5 R8b7 40.
Nd1 Rd2 41. Ne3 Rd4 42. Nf5 Rxe4 43. Bxe7+ Kc7 44. Bxd6+ Kb6 45. Bxe5+ Ka5 46. Bd6 Rxe6 47. dxe6 c4 48. e7 1-0

[Event "Early-Titled-Tuesday-Blitz-March-19-2024"]
[Site "Chess.com"]
[Date "2024.03.19"]
[Round "3"]
[White "Sharan_Rao"]
[Black "baki83"]
[Result "0-1"]
[WhiteElo "2593"]
[BlackElo "2850"]
[TimeControl "180+1"]
[EndTime "8:29:29 PDT"]
[Termination "baki83 won on time"]

1. d4 d5 2. Nc3 Bf5 3. Bf4 e6 4. e3 Bd6 5. Bd3 Nf6 6. Nge2 O-O 7. O-O Bxd3 8. cxd3 Bxf4 9. Nxf4 c6 10. Qb3 Qb6 11. Na4 Qxb3 12. axb3 Na6 13. Rfc1 Nb4 14.
Nc5 Rfb8 15. h4 a5 16. Kf1 b6 17. Na4 Nd7 18. Ke2 Kf8 19. Kd2 Ke7 20. Nc3 Kd6 21.
Na2 Na6 22. Rc2 c5 23. Nc3 Nb4 24. Rcc1 b5 25. Nce2 g6 26. g4 h6 27. g5 h5 28.
Rc3 cxd4 29. exd4 a4 30. bxa4 bxa4 31. Rca3 Nc6 32. Rxa4 Rxb2+ 33. Ke3 Rxa4 34. Rxa4 Ne7 35. Ra6+ Rb6 36. Ra7 Nf5+ 37. Kd2 Nxh4 38. Nc3 Nf3+ 39. Ke3 Nxg5 40. Na4 Rc6 41. Ra8 Nh7 42. Rd8 Ke7 43. Rh8 Nhf8 44. Nh3 Nf6 45. f3 N6h7 46. Nc5 f6 47.
Nf4 Kf7 48. Nfxe6 Rxe6+ 49. Nxe6 Kxe6 0-1

[Event "Early-Titled-Tuesday-Blitz-March-19-2024"]
[Site "Chess.com"]
[Date "2024.03.19"]
[Round "3"]
[White "KhazhatulyAlikhan"]
[Black "Fh2411"]
[Result "1-0"]
[WhiteElo "2462"]
[BlackElo "2634"]
[TimeControl "180+1"]
[EndTime "8:29:29 PDT"]
[Termination "KhazhatulyAlikhan won on time"]

1. e4 c5 2. Nf3 e6 3. d4 cxd4 4. Nxd4 a6 5. Bd3 Nc6 6. Nb3 Nf6 7. O-O Be7 8. Nc3 b5 9. a3 Bb7 10. Qe2 d6 11. Bd2 O-O 12. Rae1 Re8 13. f4 e5 14. fxe5 Nxe5 15. Nd4 g6 16. Kh1 Rc8 17. Bf4 Rc7 18. Nf3 Nxd3 19. cxd3 Nh5 20. Qd2 Bf6 21. Bg5 Bxg5 22. Nxg5 Kg7 23. Qe3 h6 24. Qd4+ Kg8 25. Nf3 Qe7 26. Rf2 Ng7 27. Ref1 Ne6 28. Qe3 Qf8 29. h3 Qg7 30. Nh2 h5 31. Nf3 Rce7 32.
Ng5 Nc5 33. Rf6 Ne6 34. Nxe6 Rxe6 35. Rxe6 Rxe6 36. Qb6 f6 37. Qd8+ Kh7 38. Ne2 Qe7 39. Qb8 d5 40. Nf4 Re5 41. Rc1 1-0

[Event "Early-Titled-Tuesday-Blitz-March-19-2024"]
[Site "Chess.com"]
[Date "2024.03.19"]
[Round "3"]
[White "RebecaJimnz"]
[Black "kleber2007"]
[Result "0-1"]
[WhiteElo "2257"]
[BlackElo "2459"]
[TimeControl "180+1"]
[EndTime "8:29:30 PDT"]
[Termination "kleber2007 won on time"]

1. e4 c6 2. d4 d5 3. exd5 cxd5 4. Bd3 Nc6 5. c3 Nf6 6. h3 g6 7. Nf3 Bf5 8. Bf4 e6 9. O-O Bd6 10. Ne5 Qc7 11. Re1 Ne4 12. g4 O-O-O 13. gxf5 gxf5 14.
Qf3 Rhg8+ 15. Kh1 Bxe5 16. dxe5 Nxe5 17. Bxe5 Qxe5 18. Na3 Rg5 19. Rg1 Rdg8 20. Rxg5 Rxg5 21. Rg1 h6 22. Nc2 Qg7 23. Rxg5 hxg5 24. Nd4 Qh6 25.
Kg1 Qh4 26. Nxf5 exf5 27. Qxf5+ Kb8 28. Qe5+ Kc8 29. Qe8+ Kc7 30. Qxf7+ Kc6 31. Qe6+ Nd6 32. Qe3 a6 33. b4 g4 34. hxg4 Qxg4+ 35. Qg3 Qd1+ 36.
Bf1 Qd2 37. a4 Ne4 38. Qg6+ Kc7 39. Qg7+ Kb8 40. Qe5+ Ka8 41. Qh8+ Ka7 42. Qd4+ Qxd4 43. cxd4 Kb6 44. f4 a5 45. bxa5+ Kxa5 46. Bb5 Kb4 47.
f5 Kc3 48. Kg2 Kxd4 49. Kf3 Ke5 50. Kg4 Nd6 51. Bd7 d4 52. Kg5 d3 53. f6 Ne4+ 54. Kg6 Nxf6 55. Bg4 Nxg4 0-1

[Event "Early-Titled-Tuesday-Blitz-March-19-2024"]
[Site "Chess.com"]
[Date "2024.03.19"]
[Round "3"]
[White "Susal_De_Silva"]
[Black "Firouzja2003"]
[Result "0-1"]
[WhiteElo "2814"]
[BlackElo "3085"]
[TimeControl "180+1"]
[EndTime "8:29:32 PDT"]
[Termination "Firouzja2003 won by resignation"]

1. e4 c5 2. Nf3 d6 3. Bb5+ Nd7 4.
Ba4 a6 5. c4 e5 6. Nc3 Ne7 7. O-O Nc6 8. d3 Be7 9. Nd5 Nb6 10.
Nxe7 Qxe7 11. Bxc6+ bxc6 12. Ne1 O-O 13. f4 f5 14. fxe5 dxe5 15. exf5 Bxf5 16. Be3 e4 17.
dxe4 Nxc4 18. Qb3 Be6 19. Rxf8+ Rxf8 20. Qc3 Bd5 21. Nf3 Nxe3 22. Qxe3 Qxe4 23. Qxe4 Bxe4 24.
Nd2 Bd5 25. Rc1 Re8 26. Kf2 Bxg2 27. Rxc5 Bd5 28. b3 g5 29. Ra5 Rf8+ 30. Ke3 h5 31. Rxa6 g4 32. Ra4 Kg7 33. Rf4 Re8+ 34. Kf2 Kg6 35. a4 Kg5 36. Rd4 Kh4 37. Rd3 Ra8 38.
Nf1 Rf8+ 39. Kg1 Re8 40. Ne3 Be4 41. Rc3 Rd8 42. Rc4 Bf3 43. Nf5+ Kh3 44. Nd4 Be4 45.
Rc3+ Kh4 46. Ne2 Rd2 47. Re3 Bf3 48. Kf2 Kh3 49. Ke1 Ra2 50. Ng1+ Kg2 51. Ne2 Kxh2 52. Nd4 Kg2 53. Rd3 c5 54. Rd2+ Rxd2 55. Nxf3 gxf3 56. Kxd2 0-1

[Event "Early-Titled-Tuesday-Blitz-March-19-2024"]
[Site "Chess.com"]
[Date "2024.03.19"]
[Round "3"]
[White "Kazmin_Semyon"]
[Black "superchess02"]
[Result "1/2-1/2"]
[WhiteElo "2542"]
[BlackElo "2827"]
[TimeControl "180+1"]
[EndTime "8:29:32 PDT"]
[Termination "Game drawn - insufficient material"]

1. e4 e5 2. Nf3 Nc6 3. Bc4 Nf6 4. d3 h6 5. c3 d6 6. O-O g5 7. a4 Bg7 8. a5 a6 9. b4 O-O 10. Nbd2 d5 11. Bb3 Be6 12. h3 Re8 13. Re1 Qd7 14. exd5 Nxd5 15. Ne4 b6 16. axb6 cxb6 17. Bxd5 Qxd5 18.
Ng3 Red8 19. Be3 b5 20. Ne4 Qxd3 21. Qxd3 Rxd3 22. Rec1 Bc4 23. Nc5 Rdd8 24. g4 a5 25. Nb7 Rdc8 26. Nxa5 Nxa5 27. bxa5 Bd5 28. Nd2 e4 29.
Bd4 Bxd4 30. cxd4 Rxc1+ 31. Rxc1 Rxa5 32. Rc5 Ra1+ 33. Kh2 Rh1+ 34. Kg3 Rg1+ 35. Kh2 e3 36. fxe3 Rg2+ 37. Kh1 Rxd2+ 38. Rxd5 Rb2 39. Rd8+ Kg7 40. Rb8 Kf6 41. Rb6+ Ke7 42. Rxh6 f6 43. Rh7+ Kd6 44.
Rb7 Kd5 45. Rb6 b4 46. Rxf6 b3 47. Rb6 Kc4 48. h4 Ra2 49. hxg5 b2 50. g6 Ra1+ 51. Kg2 b1=Q 52. Rxb1 Rxb1 53. Kf3 Rb6 54. Kf4 Rxg6 55. Kf5 Rg8 56. g5 Kd5 57. e4+ Kxd4 58.
g6 Rf8+ 59. Ke6 Kxe4 60. g7 Rc8 61. Kf7 Kf5 62. g8=Q Rc7+ 63. Kf8 Rc8+ 64. Kf7 Rxg8 65. Kxg8 1/2-1/2

[Event "Early-Titled-Tuesday-Blitz-March-19-2024"]
[Site "Chess.com"]
[Date "2024.03.19"]
[Round "3"]
[White "Zampronha1971"]
[Black "awesomevishesh"]
[Result "0-1"]
[WhiteElo "2309"]
[BlackElo "2627"]
[TimeControl "180+1"]
[EndTime "8:29:32 PDT"]
[Termination "awesomevishesh won by resignation"]

1. e4 c5 2. Nf3 d6 3. d4 cxd4 4.
Nxd4 Nf6 5. Nc3 a6 6. Bg5 e6 7. f4 h6 8. Bh4 Qb6 9. a3 Be7 10. Bf2 Qc7 11. Be2 Nbd7 12. O-O b5 13.
Bf3 Bb7 14. Qe2 h5 15. Kh1 g6 16. Bh4 e5 17. fxe5 dxe5 18. Nb3 Rc8 19. Rac1 O-O 20.
Bxf6 Nxf6 21. Nd5 Bxd5 22. exd5 Rfe8 23. g3 Bf8 24. Bg2 Bg7 25. Bh3 Rcd8 26. c4 bxc4 27. Rxc4 Qb7 28. Rb4 Qxd5+ 29. Bg2 e4 30. Qxa6 Ng4 31.
Qa7 Qd7 32. Qxd7 Rxd7 33. Re1 e3 34. Nc5 Rd2 35. b3 Rc8 36. Ne4 Rb2 37. h3 Rcc2 38. Rg1 Nf2+ 39. Nxf2 Rxf2 40. a4 e2 41. Re4 Rxb3 42.
Re1 Rb2 43. R1xe2 Rbxe2 44. Rxe2 Rxe2 45. a5 Ra2 46. a6 Rxa6 0-1

[Event "Early-Titled-Tuesday-Blitz-March-19-2024"]
[Site "Chess.com"]
[Date "2024.03.19"]
[Round "3"]
[White "UNSTOPPABLE_LEGEND"]
[Black "Pikku_Myy73"]
[Result "1-0"]
[WhiteElo "2508"]
[BlackElo "2269"]
[TimeControl "180+1"]
[EndTime "8:29:33 PDT"]
[Termination "UNSTOPPABLE_LEGEND won by resignation"]

1. Nf3 d5 2. g3 Nf6 3. Bg2 c5 4. O-O g6 5. c4 d4 6. b4 cxb4 7. a3 bxa3 8. d3 Bg7 9. Bxa3 O-O 10. Nbd2 Nc6 11. Qb3 h6 12. Rfb1 Re8 13. c5 Rb8 14. Nc4 Be6 15. Qa4 Bd5 16. Bc1 Nd7 17. Qa3 Bxc4 18.
dxc4 e5 19. Nd2 Qe7 20. Ne4 f5 21. Nd6 e4 22. Rxb7 Rxb7 23. Nxb7 Rb8 24. Nd6 d3 25. Ra2 dxe2 26. Rxe2 Nd4 27. Rd2 Qe5 28. Bb2 Qxc5 29. Qxc5 Nxc5 30. Bxd4 Rb1+ 31. Bf1 Nb3 32. Bxg7 Nxd2 33.
Bxh6 Nxf1 34. Kg2 Rd1 35. c5 Nd2 36. c6 Nf3 37. c7 Rc1 38. c8=Q+ Rxc8 39. Nxc8 a5 40. Bc1 Kf7 41. Nb6 Ke6 42. Nc4 a4 43. Nb6 Ne1+ 44. Kf1 Nd3 45. Ba3 Ke5 46. Nxa4 f4 47.
Nb2 Nxb2 48. Bxb2+ Kf5 49. Bc1 fxg3 50. hxg3 g5 51.
Kg2 Kg4 52. Be3 Kf5 53. Kh3 g4+ 54. Kh4 Ke5 55. Kxg4 Kd5 56. Kf4 1-0